AoeStats
← CmonBruh

Nomad

507671909Analyzed
4v4 RM · 12d ago on Sep 19, 2026· 52m 39s· 8 players
Game mode
Random Map
Map size
231×231
Population
200
Speed
Normal
Resources
Standard
Victory
Conquest
Starting age
Dark Age
Ending age
Imperial Age
RankedLock teamsTeams togetherTeam positionsShared explorationLock speedFull tech treeHidden civsTurbo modeCheats
Victory
Defeat
🇦🇷 Spanish · Argentina
1424
+14
🇭🇰 Mongols · Hong Kong SAR China
1353
+17
🇬🇹 Berbers · Guatemala
1310
+19
🇨🇳 Persians · China
1282
+19
🇨🇳 Saracens · China
1413
-19
🇹🇼 Shu · Taiwan
1401
-19
🇹🇼 Persians · Taiwan
1343
-16
🇮🇳 Vietnamese · India
1326
-15
feely
3:03 Loom
12:53 Feudal Age
13:17 Double-Bit Axe
14:21 Town Watch
20:14 Castle Age
18:57 Stone Mining
30:19 Wheelbarrow
32:58 Bow Saw
36:17 Scale Barding Armor
40:18 Husbandry
40:31 Forging
41:05 Pikeman
42:13 Scale Mail Armor
185双开门
3:02 Loom
14:04 Feudal Age
15:19 Double-Bit Axe
15:16 Fishing Lines
15:31 Town Watch
15:53 Fletching
18:45 Wheelbarrow
23:42 Castle Age
22:22 Stone Mining
22:23 Gold Mining
22:16 Horse Collar
24:20 Bodkin Arrow
24:40 Medium Warships
24:21 Gillnets
25:32 Bow Saw
25:24 Heavy Plow
26:20 Gold Shaft Mining
26:19 Hand Cart
30:00 Ballistics
30:07 Clinker Construction
31:23 Padded Archer Armor
31:58 Elite Skirmisher
33:55 Leather Archer Armor
34:28 Thumb Ring
35:27 Elite Skirmisher
37:10 Scale Barding Armor
37:15 Forging
37:50 Bimaristan
39:17 Bloodlines
39:07 Husbandry
39:28 Chain Barding Armor
39:18 Treadmill Crane
39:33 Murder Holes
40:00 Town Patrol
43:28 Imperial Age
42:12 Light Cavalry
43:28 Iron Casting
44:33 Conscription
44:14 Bracer
44:45 Ring Archer Armor
45:16 Chemistry
44:50 Imperial Skirmisher
46:59 Two-Man Saw
45:43 Elite Mameluke
47:19 Plate Barding Armor
47:44 Blast Furnace
49:47 Blast Furnace
49:06 Hussar
50:57 Counterweights
51:23 Hoardings
adi.rathore
4:58 Loom
14:39 Feudal Age
18:34 Castle Age
17:13 Double-Bit Axe
23:23 Fletching
CmonBruh
13:30 Feudal Age
17:59 Castle Age
20:36 Double-Bit Axe
21:53 Scale Mail Armor
23:36 Forging
25:06 Fletching
25:15 Loom
25:53 Bodkin Arrow
25:59 Padded Archer Armor
26:24 Crossbowman
28:12 Wheelbarrow
28:23 Bow Saw
29:43 Horse Collar
30:26 Leather Archer Armor
31:32 Heavy Plow
31:26 Gold Mining
32:20 Thumb Ring
33:25 Heavy Plow
38:16 Ballistics
42:12 Imperial Age
40:34 Stone Mining
41:02 Hand Cart
42:35 Chain Mail Armor
41:42 Pikeman
43:09 Bracer
42:34 Arbalester
45:11 Ring Archer Armor
46:25 Chemistry
45:57 Plate Mail Armor
44:52 Halberdier
46:21 Conscription
48:40 Squires
52:22 Elite Skirmisher
长相犯罪
6:07 Loom
14:36 Feudal Age
14:53 Fishing Lines
15:12 Double-Bit Axe
20:54 Castle Age
19:14 Gold Mining
21:32 Wheelbarrow
21:35 Bow Saw
21:38 Medium Warships
21:30 Fletching
22:19 Gold Shaft Mining
21:50 Gillnets
23:57 Bodkin Arrow
24:02 Padded Archer Armor
24:29 Scale Barding Armor
24:40 Stone Mining
25:13 Hand Cart
24:43 Town Watch
24:48 Horse Collar
29:05 Chain Barding Armor
28:56 Forging
31:15 Stone Shaft Mining
32:24 Iron Casting
32:04 Bloodlines
34:11 Leather Archer Armor
34:21 Heavy Plow
34:56 Husbandry
37:53 Imperial Age
37:34 Cavalier
39:46 Savar
42:43 Plate Barding Armor
43:09 Blast Furnace
42:59 Conscription
48:45 Ballistics
48:59 Coinage
48:43 Guilds
武帝曹操
3:14 Loom
14:22 Feudal Age
18:44 Castle Age
17:51 Fletching
20:59 Bodkin Arrow
24:24 Padded Archer Armor
30:25 Leather Archer Armor
gjizhijian6866
12:38 Feudal Age
12:22 Loom
17:16 Castle Age
16:19 Double-Bit Axe
17:05 Fletching
18:58 Horse Collar
21:35 Padded Archer Armor
24:44 Bow Saw
44:06 Medium Warships
46:28 Imperial Age
48:19 Imperial Age
46:16 Gold Mining
48:06 Wheelbarrow
47:55 Stone Mining
50:08 Two-Man Saw
49:05 Town Watch
50:59 Conscription
Cherry wavessss
2:59 Loom
14:05 Feudal Age
17:50 Castle Age
16:15 Double-Bit Axe
18:51 Fletching
19:45 Bodkin Arrow
28:19 Bow Saw
36:05 Bloodlines
38:39 Padded Archer Armor
39:49 Wheelbarrow
41:40 Ballistics
41:58 Husbandry
45:11 Imperial Age
43:08 Husbandry
44:43 Hand Cart
44:13 Town Watch
45:13 Kasbah
45:47 Cavalier
47:40 Conscription
47:17 Elite Camel Archer
49:06 Chemistry
47:41 Light Cavalry
48:59 Scale Barding Armor
49:05 Forging
48:58 Bracer
49:16 Light Cavalry
50:56 Chain Barding Armor
51:15 Iron Casting
51:02 Siege Engineers
50:27 Hussar
52:04 Hoardings
52:26 Plate Barding Armor
52:27 Leather Archer Armor
Connection lost

Rejoining the realm…

Still unreachable

The connection could not be restored.

Session expired

The server has moved on; the page needs a fresh start.